 Dungeon Crawl Stone Soup version 0.28.0 (webtiles) character file.

Game seed: 11420806901674830108

187 Masnef the Chopper (level 5, -10/70 HPs)
             Began as a Minotaur Berserker on Feb 12, 2022.
             Was a Believer of Trog.
             Mangled by an ogre (17 damage)
             ... on level 3 of the Dungeon.
             The game lasted 00:06:19 (2309 turns).

Masnef the Chopper (Minotaur Berserker)             Turns: 2309, Time: 00:06:19

Health: -10/70     AC:  8    Str: 23    XL:     5   Next: 39%
Magic:  4/4        EV: 10    Int:  4    God:    Trog [**....]
Gold:   88         SH:  0    Dex: 10    Spells: 4/4 levels left

rFire   + . .      SeeInvis .   a - +0 hand axe
rCold   . . .      Faith    +   (no shield)
rNeg    . . .      Spirit   .   u - +2 scale mail {rF+}
rPois   .          Reflect  .   (helmet restricted)
rElec   .          Harm     .   (no cloak)
rCorr   .          Rampage  .   (no gloves)
Will    ++...                   (no boots)
Stlth   ..........              s - amulet of faith
HPRegen 1.21/turn               o - ring of flight
MPRegen 0.09/turn               (no ring)

@: berserking, strong-willed (expiring), flying, regenerating (expiring), slowed
A: horns 2, retaliatory headbutt
a: Renounce Religion, Berserk, Trog's Hand


You were on level 3 of the Dungeon.
You worshipped Trog.
Trog was pleased with you.
You visited 1 branch of the dungeon, and saw 4 of its levels.

You collected 88 gold pieces.

Inventory:

Hand Weapons
 a - a +0 hand axe (weapon)
Missiles
 m - 4 boomerangs of dispersal (quivered)
Armour
 b - a +0 animal skin
 j - a +0 chain mail
 t - a +0 scale mail
 u - a +2 scale mail of fire resistance (worn)
Jewellery
 k - an amulet of regeneration
 o - a ring of flight (left hand)
 s - an amulet of faith (around neck)
Scrolls
 c - 2 scrolls of enchant armour {unknown}
 d - a scroll of vulnerability {unknown}
 g - 2 scrolls of teleportation {unknown}
 h - a scroll of summoning {unknown}
 i - 2 scrolls of amnesia {unknown}
 l - 3 scrolls of identify {unknown}
 r - a scroll of immolation {unknown}
Potions
 e - a potion of resistance {unknown}
 f - 2 potions of berserk rage {unknown}
 n - a potion of might {unknown}
 p - 2 potions of curing
 q - a potion of degeneration {unknown}


   Skills:
 + Level 4.6 Fighting
 * Level 6.0(6.1) Axes
 - Level 1.4(4.0) Maces & Flails
 + Level 3.5 Armour
 - Level 2.1 Dodging


You had 4 spell levels left.
You didn't know any spells.
Your spell library was empty.

Dungeon Overview and Level Annotations

Branches:
Dungeon (4/15)
 Temple: D:4-7

Altars:

Shops:
D:3 (

Annotations:
D:4 Blork the orc


Innate Abilities, Weirdness & Mutations

You have a pair of horns on your head.
You reflexively headbutt those who attack you in melee.


Message History

You are poisoned.
You have difficulty breathing.
You feel yourself slow down. The ogre barely misses you.
The hobgoblin hits you but does no damage.
There is a stone staircase leading up here.
You feel very sick.
The hobgoblin shouts!
The adder skeleton barely misses you. The orc hits you but does no damage.
The hobgoblin hits you but does no damage.
The adder skeleton barely misses you. The ogre hits you with a +0 giant club!
You fly upwards.
You feel very sick.
There is a stone staircase leading down here.
It was a potion of curing.
You feel better. The orc hits you but does no damage.
The hobgoblin closely misses you. The ogre hits you with a +0 giant club!
* * * LOW HITPOINT WARNING * * *
The orc hits you but does no damage.
The hobgoblin hits you but does no damage.
Unknown command.
Okay, then.
Your skin crawls.
You feel strong-willed. The ogre barely misses you. You furiously retaliate!
You headbutt the ogre! The orc closely misses you.
The hobgoblin barely misses you.
A red film seems to cover your vision as you go berserk!
You feel yourself moving faster!
You feel mighty!
You feel the effects of Trog's Hand fading.
The orc hits you with a +0 club.
* * * LOW HITPOINT WARNING * * *
The ogre hits you with a +0 giant club!
* * * LOW HITPOINT WARNING * * *
The hobgoblin hits you but does no damage.
The orc hits you but does no damage. The hobgoblin hits you.
* * * LOW HITPOINT WARNING * * *
You slash the ogre!
The ogre is almost dead.
You closely miss the hobgoblin. You hit the orc.
The ogre hits you with a +0 giant club!
You die...

.#..#####..##.###.'#...#'.###
.............##.###.....###.#
#.#####(#.###.#.............#
........#.# ##.......8......#
#.#######.# #..............#
#.# #.# ######.....##### #.#
#.# ##..#...#..## ..# #.#
#gO.#...#...# #.# #.#
#@o##...##.<# #.# #.#
#####...##### #.#######.#
#..###### #........(# #..#
#.######### #..# #.# #.<# #.#
#..# #.# #..# #.# ##..#


You could see an ogre, an orc and a hobgoblin.

Vanquished Creatures
  An orc priest (D:4)
  Terence (D:2)
  An orc wizard (D:4)
  A gnoll (D:1)
  3 adders
  An ufetubus (D:4)
  An adder skeleton (D:4)
  2 worms
  A dart slug (D:2)
  12 orcs
  5 endoplasms
  A giant cockroach (D:2)
  4 goblins
  A hobgoblin (D:2)
  4 kobolds
  4 ball pythons
  2 bats
  A frilled lizard (D:2)
  2 rats (D:3)
48 creatures vanquished.

Vanquished Creatures (others)
  A plant (D:2)
1 creature vanquished.

Grand Total: 49 creatures vanquished

Notes
Turn   | Place    | Note
-------+----------+-------------------------------------------
     0 | D:1      | Masnef the Minotaur Berserker began the quest for the Orb.
     0 | D:1      | Reached XP level 1. HP: 19/19 MP: 0/0
   132 | D:1      | Reached skill level 1 in Maces & Flails
   132 | D:1      | Reached XP level 2. HP: 27/27 MP: 1/1
   772 | D:2      | Reached skill level 4 in Axes
   797 | D:2      | Reached XP level 3. HP: 32/33 MP: 2/2
   800 | D:2      | Found a faded altar of an unknown god.
   937 | D:2      | Noticed Terence
   941 | D:2      | Killed Terence
  1316 | D:3      | Reached XP level 4. HP: 36/41 MP: 3/3
  1506 | D:3      | Found Feongeps's Weapon Shoppe.
  1610 | D:3      | Reached ** piety under Trog
  1648 | D:3      | Reached skill level 5 in Axes
  2222 | D:4      | Reached XP level 5. HP: 43/47 MP: 4/4
  2229 | D:4      | Reached skill level 6 in Axes
  2230 | D:4      | Noticed Blork the orc
  2249 | D:4      | Noticed an ogre
  2309 | D:3      | Mangled by an ogre

Illustrated notes

Levels and vault maps discovered:
D:1:      sevenhm_arrival_forest_fort_small_6, layout_rooms,
          kennysheep_minor_cross
D:2:      layout_loops_ring, hellmonk_ecumenical_altar_crossroads,
          minmay_misc_feat_columns, supply_closet_lemuel, serial_bayou_crossing,
          uniq_terence
D:3:      layout_loops_ring, serial_shops, nicolae_shop_statue_plus,
          grunt_ministairs_6
D:4:      layout_layer_cave, temple_statues, minmay_quantized,
          uniq_blork_the_orc

Skill      XL: |  1  2  3  4  5 |
---------------+----------------+-----
Fighting       | 4 |  4.6
Maces & Flails | 1 |  1.4
Axes           | 4 5 6 |  6.0
Armour         | 3 |  3.5
Dodging        | |  2.1

Action                   |  1- 3 |  4- 6 || total
-------------------------+-------+-------++-------
Melee: Hand axe          |    49 |    56 ||   105
       Headbutt          |     6 |     7 ||    13
       Punch             |     1 |       ||     1
Invok: Berserk           |     1 |     1 ||     2
       Trog's Hand       |       |     2 ||     2
  Use: Potion            |       |     1 ||     1
Armor: Chain mail        |    20 |    13 ||    33
       Animal skin       |     1 |       ||     1
       Scale mail        |       |    22 ||    22
Dodge: Dodged            |    11 |    33 ||    44
